AoeStats
← GAX | Urubu

Nomad

507868236Analyzed
2v2 RM · 13d ago on Sep 20, 2026· 30m 2s· 4 players
Game mode
Random Map
Map size
176×176
Population
200
Speed
Normal
Resources
Standard
Victory
Conquest
Starting age
Dark Age
Ending age
Imperial Age
RankedLock teamsTeams togetherTeam positionsShared explorationLock speedFull tech treeHidden civsTurbo modeCheats
Victory
Defeat
🇫🇷 Britons · France
1598
+12
🇫🇷 Persians · France
1596
+12
🇧🇷 Turks · Brazil
1589
-15
🇧🇷 Koreans · Brazil
1424
-9
GAX | B.Trufa
2:53 Loom
13:40 Feudal Age
18:45 Castle Age
17:32 Stone Mining
23:30 Double-Bit Axe
24:21 Fletching
GAX | Urubu
10:21 Loom
12:50 Feudal Age
16:29 Castle Age
18:57 Fletching
19:44 Double-Bit Axe
19:40 Horse Collar
29:01 Wheelbarrow
76nateK
5:01 Loom
14:02 Feudal Age
18:01 Castle Age
16:08 Double-Bit Axe
17:48 Fletching
18:53 Bodkin Arrow
22:35 Ballistics
22:18 Padded Archer Armor
25:43 Horse Collar
27:50 Leather Archer Armor
Ketan67
3:47 Loom
13:17 Feudal Age
18:33 Castle Age
16:42 Horse Collar
18:58 Scale Barding Armor
19:06 Bloodlines
25:47 Husbandry
Connection lost

Rejoining the realm…

Still unreachable

The connection could not be restored.

Session expired

The server has moved on; the page needs a fresh start.